 Dungeon Crawl Stone Soup version 0.28.0-53-g5a82cb258f (webtiles) character file.

Game seed: 1033138975121645941

1872 Infinimo the Basher (level 9, -3/96 HPs)
             Began as an Ogre Gladiator on May 28, 2022.
             Was a Follower of Okawaru.
             Killed by divine providence
             ... invoked by an orc priest
              (13 damage)
             ... on level 7 of the Dungeon.
             The game lasted 00:07:42 (8580 turns).

Infinimo the Basher (Ogre Gladiator)                Turns: 8580, Time: 00:07:42

Health: -3/96      AC:  3    Str: 28    XL:     9   Next: 14%
Magic:  9/9        EV: 11    Int:  7    God:    Okawaru [*.....]
Gold:   364        SH:  0    Dex: 10    Spells: 8/8 levels left

rFire   . . .      SeeInvis +   p - +7 falchion of Madap {speed, rElec Str+4}
rCold   . . .      Faith    .   (no shield)
rNeg    . . .      Spirit   .   b - +0 robe
rPois   .          Reflect  .   s - +0 hat {SInv}
rElec   +          Harm     .   (no cloak)
rCorr   .          Rampage  .   (gloves unavailable)
Will    .....                   (boots unavailable)
Stlth   +.........              (no amulet)
HPRegen 0.26/turn               (no ring)
MPRegen 0.11/turn               (no ring)

@: no status effects
A: large, unfitting armour, tough skin 1, talons 1, dopey 1
a: Renounce Religion, Heroism


You were on level 7 of the Dungeon.
You worshipped Okawaru.
Okawaru was aware of your devotion.
You visited 2 branches of the dungeon, and saw 8 of its levels.

You collected 364 gold pieces.

Inventory:

Hand Weapons
 a - a +0 flail
 p - the +7 falchion of Madap (weapon) {speed, rElec Str+4}
   (You found it on level 3 of the Dungeon)

   Attacks with this weapon are significantly faster.
   Str:       It affects your strength (+4).
   rElec:     It insulates you from electricity.
Missiles
 d - 3 throwing nets (quivered)
 o - 4 silver javelins
 t - 19 poisoned darts
Armour
 b - a +0 robe (worn)
 s - a +0 hat of see invisible (worn)
Jewellery
 k - a ring of fire
 y - a ring of protection from fire
Wands
 g - a wand of acid (11)
 m - a wand of flame (18)
 u - a wand of paralysis (14)
 A - a wand of iceblast (9)
Scrolls
 c - a scroll of blinking {unknown}
 n - 4 scrolls of identify
 v - 3 scrolls of amnesia {unknown}
 z - 2 scrolls of immolation {unknown}
Potions
 e - 2 potions of cancellation
 f - 2 potions of magic
 h - 4 potions of curing
 i - a potion of invisibility
 l - a potion of flight
 q - a potion of ambrosia
 r - a potion of brilliance
 w - a potion of attraction {unknown}
 x - a potion of lignification {unknown}


   Skills:
 + Level 7.9 Fighting
 * Level 8.0 Maces & Flails
 - Level 2.0 Throwing
 + Level 5.9 Dodging


You had 8 spell levels left.
You didn't know any spells.
Your spell library contained the following spells:

 Spells                   Type           Power      Damage    Failure   Level
 Sandblast                Erth           0%         2d4       43%         1
 Passwall                 Tmut/Erth      0%         N/A       56%         2
 Ignite Poison            Fire/Tmut/Pois 0%         N/A       80%         3
 Mephitic Cloud           Conj/Pois/Air  0%         N/A       80%         3
 Stone Arrow              Conj/Erth      0%         3d7       80%         3
 Freezing Cloud           Conj/Ice/Air   0%         6-21      100%        5


Dungeon Overview and Level Annotations

Branches:
Dungeon (7/15)             Temple (1/1) D:6

Altars:
Ashenzari
Dithmenos
Elyvilon
Fedhas
Gozag
Hepliaklqana
Kikubaaqudgha
Makhleb
Nemelex Xobeh
Okawaru
Qazlal
Ru
Sif Muna
Trog
Uskayaw
Xom
Yredelemnul
Zin
The Shining One


Innate Abilities, Weirdness & Mutations

You are too large for most types of armour.
You have tough skin. (AC +1)
You have sharp toenails.
You are dopey. (Int -2)


Message History

You barely miss the orc warrior. Your kick misses the orc warrior.
The orc warrior is moderately wounded.
The orc priest miscasts a cantrip.
The orc warrior hits you with a +0 long sword!
You completely miss the orc warrior. Your kick misses the orc warrior.
The orc warrior is moderately wounded.
The orc warrior hits you with a +0 long sword.
You slash the orc warrior!
The orc warrior is severely wounded.
The orc priest invokes the aid of Beogh against you.
Beogh smites you!
The orc warrior hits you with a +0 long sword!
* * * LOW HITPOINT WARNING * * *
You are too injured to fight recklessly!
The orc priest calls upon Beogh to heal the orc warrior.
The orc warrior is healed somewhat.
You feel much better.
The orc warrior hits you with a +0 long sword.
You slash the orc warrior!
The orc warrior is severely wounded.
The orc warrior hits you with a +0 long sword!
* * * LOW HITPOINT WARNING * * *
You hit the orc warrior.
The orc warrior is almost dead.
The orc warrior hits you with a +0 long sword!
* * * LOW HITPOINT WARNING * * *
You closely miss the orc warrior. Your kick misses the orc warrior.
The orc warrior is almost dead.
The orc warrior barely misses you.
You hit the orc warrior.
You kill the orc warrior!
Okawaru accepts your kill.
Your Maces & Flails skill increases to level 8!
You barely miss the orc. You claw the orc, but do no damage. You slash the orc!
You kill the orc!
Okawaru accepts your kill.
The orc priest mumbles some strange prayers to Beogh against you.
Beogh smites you!
You die...

#.#.....##.
#.#.....##.
#.########.
#####.# #+
#.....#
#.#####
####.##.##
#o.......###
#@##o..$....
#.##.....###
#.##).#.##
#.....###
####.## #.#
#.# #.# #.#


You could see an orc priest.

Vanquished Creatures
  Menkaure (D:5)
  2 water moccasins
  An orc warrior (D:7)
  A sky beast (D:6)
  2 black bears
  4 ogres
  A phantom (D:5)
  2 bullfrogs
  2 scorpions
  A bullfrog zombie (D:5)
  A centaur zombie (D:5)
  A jelly (D:7)
  A bullfrog skeleton (D:5)
  A centaur skeleton (D:4)
  Terence (D:2)
  2 iguanas (D:6)
  An orc wizard (D:7)
  A killer bee zombie (D:5)
  4 adders
  11 gnolls
  3 white imps
  3 worms
  3 orcs
  5 endoplasms
  4 giant cockroaches
  9 goblins
  8 hobgoblins
  6 jackals
  10 kobolds
  3 quokkas
  4 ball pythons
  4 bats
  3 frilled lizards (D:1)
  A jackal skeleton (D:4)
  4 rats
111 creatures vanquished.

Vanquished Creatures (others)
  4 toadstools (D:2)
4 creatures vanquished.

Grand Total: 115 creatures vanquished

Notes
Turn   | Place    | Note
-------+----------+-------------------------------------------
     0 | D:1      | Infinimo the Ogre Gladiator began the quest for the Orb.
     0 | D:1      | Reached XP level 1. HP: 22/22 MP: 1/1
   230 | D:1      | Reached XP level 2. HP: 25/29 MP: 2/2
   232 | D:1      | Reached skill level 3 in Maces & Flails
   351 | D:1      | Found a faded altar of an unknown god.
  1140 | D:2      | Reached XP level 3. HP: 20/37 MP: 3/3
  1920 | D:2      | Reached XP level 4. HP: 12/48 MP: 4/4
  2149 | D:2      | Noticed Terence
  2971 | D:2      | Gained mutation: You are dopey. (Int -2) [potion of
                  | mutation]
  2971 | D:2      | Gained mutation: You have sharp toenails. [potion of
                  | mutation]
  2977 | D:2      | Killed Terence
  2978 | D:2      | Reached skill level 4 in Maces & Flails
  2978 | D:2      | Reached XP level 5. HP: 36/54 MP: 5/5
  3450 | D:3      | Identified the +7 falchion of Madap {speed, rElec Str+4}
  4429 | D:4      | Reached XP level 6. HP: 62/63 MP: 6/6
  4755 | D:5      | Entered Level 5 of the Dungeon
  4793 | D:5      | Noticed a water moccasin
  5155 | D:5      | Reached skill level 5 in Fighting
  5155 | D:5      | Reached skill level 5 in Maces & Flails
  5356 | D:5      | Reached XP level 7. HP: 68/72 MP: 7/7
  5497 | D:5      | Found a white marble altar of Elyvilon.
  6090 | D:5      | Noticed Menkaure
  6098 | D:5      | Killed Menkaure
  6099 | D:5      | Reached skill level 6 in Maces & Flails
  6276 | D:5      | Reached XP level 8. HP: 78/83 MP: 8/8
  6469 | D:6      | Found a staircase to the Ecumenical Temple.
  6486 | Temple   | Entered the Ecumenical Temple
  6759 | Temple   | Became a worshipper of Warmaster Okawaru
  6798 | D:6      | Reached skill level 5 in Dodging
  7137 | D:6      | Reached skill level 7 in Maces & Flails
  7422 | D:6      | Reached * piety under Okawaru
  8296 | D:7      | Reached XP level 9. HP: 86/94 MP: 9/9
  8578 | D:7      | Reached skill level 8 in Maces & Flails
  8580 | D:7      | Killed from afar by an orc priest

Illustrated notes

Levels and vault maps discovered:
D:1:      sevenhm_arrival_forest_fort_large_2, layout_basic,
          serial_corexii_hall, corexii_hall_statues_l, corexii_hall_statues_t,
          hellmonk_ecumenical_altar_leap_of_faith
D:2:      layout_loops_corners, minmay_gold_behind_fungi, st_stairs_2,
          uniq_terence
D:3:      layout_rooms, nicolae_overflow_hidden_temple,
          minmay_misc_feat_columns, serial_bayou_lagoon_a, kennysheep_potato
D:4:      layout_rooms
D:5:      layout_cave_pods, nicolae_elyvilon_peaceful_grove,
          kennysheep_generic_room_5, uniq_menkaure
D:6:      layout_basic, minmay_temple_entry_water_ring
D:7:      layout_loops_corners, kennysheep_generic_room_9, uniq_maggie
Temple:   dpeg_five_rooms_temple

Skill      XL: |  1  2  3  4  5  6  7  8  9 |
---------------+----------------------------+-----
Fighting       | 3 4 5 6 7 |  7.9
Maces & Flails | 3 4 5 6 7 8 |  8.0
Dodging        | 3 4 5 |  5.9
Throwing       | |  2.0

Action                   |  1- 3 |  4- 6 |  7- 9 || total
-------------------------+-------+-------+-------++-------
Melee: Flail             |    89 |    68 |       ||   157
       Punch             |     2 |     3 |     2 ||     7
       Falchion          |       |    81 |    95 ||   176
       Kick              |       |    15 |    30 ||    45
  Use: Scroll            |     3 |     6 |       ||     9
       Potion            |       |     4 |     1 ||     5
 Stab: Sleeping          |       |     1 |       ||     1
Armor: Robe              |    36 |    35 |    14 ||    85
Dodge: Dodged            |    45 |    94 |    47 ||   186
